DSL
DSL PHILADELPHIA PHILLIES @ DSL CHICAGO (A) WHITE SOX
05/29/2042
 
TOP OF THE 1ST
DSL Philadelphia Phillies batting - Pitching for DSL Chicago (A) White Sox : LHP Pete Woods
Pitching: LHP Pete Woods
Batting: RHB Jonathan Taylor 0-0: Ball
1-0: SINGLE (Popup, 6D, EV 48.1 MPH)
Batting: LHB Jorge Elías 0-0: Called Strike
0-1: Swinging Strike
0-2: Strikes out swinging
Batting: RHB Juan Alifonso 0-0: Called Strike
0-1: Foul Ball, location: 25FF
0-2: Ball
1-2: Ball
2-2: Ball
3-2: Strikes out swinging
Batting: RHB Ron Parsons 0-0: Ball
1-0: Ball
2-0: Swinging Strike
2-1: Swinging Strike
2-2: Foul Ball, location: 2LF
2-2: Strikes out looking
Top of the 1st over - 0 runs, 1 hit, 0 errors, 1 left on base; DSL Philadelphia 0 - DSL Chicago (A) 0
BOTTOM OF THE 1ST
DSL Chicago (A) White Sox batting - Pitching for DSL Philadelphia Phillies : RHP Tomás Rivera
Pitching: RHP Tomás Rivera
Batting: LHB José Morán 0-0: Called Strike
0-1: Ball
1-1: Ball
2-1: Called Strike
2-2: Ball
3-2: Fly out, F9 (Flyball, 9S, EV 76.9 MPH)
Batting: RHB Enrico Martínez 0-0: Called Strike
0-1: Foul Ball, location: 2LF
0-2: Foul Ball, location: 2F
0-2: Ball
1-2: Fly out, F6 (Line Drive, 6, EV 74.4 MPH)
Batting: RHB Alain Verdier 0-0: Ball
1-0: Swinging Strike
1-1: Foul Ball, location: 2F
1-2: Strikes out swinging
Bottom of the 1st over - 0 runs, 0 hits, 0 errors, 0 left on base; DSL Philadelphia 0 - DSL Chicago (A) 0
TOP OF THE 2ND
DSL Philadelphia Phillies batting - Pitching for DSL Chicago (A) White Sox : LHP Pete Woods
Batting: LHB Uolevi Jokela 0-0: Ball
1-0: DOUBLE (Flyball, 8LD, EV 107.5 MPH)
Batting: RHB Andy Cartegena 0-0: Swinging Strike
0-1: Ball
1-1: Ball
2-1: Ball
3-1: Swinging Strike
3-2: Fly out, F8 (Flyball, 8LS, EV 90.6 MPH)
Batting: RHB Ljuba Jevtic 0-0: Called Strike
0-1: Swinging Strike
0-2: Ball
1-2: Ball
2-2: Foul Ball, location: 5F
2-2: Strikes out swinging
Batting: LHB Jeff King 0-0: Swinging Strike
0-1: Ball
1-1: Foul Ball, location: 5F
1-2: Ball
2-2: Foul Ball, location: 2F
2-2: Ball
3-2: Strikes out swinging
Top of the 2nd over - 0 runs, 1 hit, 0 errors, 1 left on base; DSL Philadelphia 0 - DSL Chicago (A) 0
BOTTOM OF THE 2ND
DSL Chicago (A) White Sox batting - Pitching for DSL Philadelphia Phillies : RHP Tomás Rivera
Batting: RHB José Gutiérrez 0-0: Ground out 4-3 (Groundball, 4, EV 99.4 MPH)
Batting: LHB Jesús Meza 0-0: Ball
1-0: Foul Ball, location: 3SF
1-1: Called Strike
1-2: Foul Ball, location: 7LMF
1-2: Strikes out swinging
Batting: RHB Artie Russell 0-0: SOLO HOME RUN (Flyball, 78XD, EV 113.1 MPH), Distance : 430 ft
Batting: RHB Gino Tadini 0-0: Ball
1-0: Called Strike
1-1: Foul Ball, location: 9LSF
1-2: Ball
2-2: Fly out, F8 (Flyball, 8RXD, EV 96.3 MPH)
Bottom of the 2nd over - 1 run, 1 hit, 0 errors, 0 left on base; DSL Philadelphia 0 - DSL Chicago (A) 1
TOP OF THE 3RD
DSL Philadelphia Phillies batting - Pitching for DSL Chicago (A) White Sox : LHP Pete Woods
Batting: RHB Jim Unknown 0-0: Called Strike
0-1: Ball
1-1: Foul Ball, location: 2F
1-2: Strikes out swinging
Batting: RHB Jonathan Taylor 0-0: Called Strike
0-1: Called Strike
0-2: Strikes out swinging
Batting: LHB Jorge Elías 0-0: SINGLE (Line Drive, 89S, EV 86.3 MPH)
Batting: RHB Juan Alifonso 0-0: Called Strike
0-1: Called Strike
0-2: Strikes out looking
Top of the 3rd over - 0 runs, 1 hit, 0 errors, 1 left on base; DSL Philadelphia 0 - DSL Chicago (A) 1
BOTTOM OF THE 3RD
DSL Chicago (A) White Sox batting - Pitching for DSL Philadelphia Phillies : RHP Tomás Rivera
Batting: SHB Don Pierce 0-0: Fly out, F2 (Popup, 2RF, EV 85.0 MPH)
Batting: RHB Greg Gill 0-0: Fly out, F4 (Popup, 23, EV 84.4 MPH)
Batting: LHB José Morán 0-0: Called Strike
0-1: Swinging Strike
0-2: Fly out, F9 (Flyball, 9LS, EV 94.4 MPH)
Bottom of the 3rd over - 0 runs, 0 hits, 0 errors, 0 left on base; DSL Philadelphia 0 - DSL Chicago (A) 1
TOP OF THE 4TH
DSL Philadelphia Phillies batting - Pitching for DSL Chicago (A) White Sox : LHP Pete Woods
Batting: RHB Ron Parsons 0-0: Ball
1-0: Called Strike
1-1: Ball
2-1: Swinging Strike
2-2: Foul Ball, location: 2F
2-2: Ball
3-2: Base on Balls
Batting: LHB Uolevi Jokela 0-0: Called Strike
0-1: Foul Ball, location: 2F
0-2: Ball
1-2: DOUBLE (Line Drive, 9LD, EV 104.4 MPH)
Ron Parsons to third
Batting: RHB Andy Cartegena 0-0: Ball
1-0: Ball
2-0: Ball
3-0: Called Strike
3-1: Base on Balls
Batting: RHB Ljuba Jevtic 0-0: Fly out, F8 (Flyball, 8RXD, EV 101.3 MPH)
Runner from 3rd tags up, SCORES, no throw by CF
Batting: LHB Jeff King 0-0: Ball
1-0: Called Strike
1-1: Called Strike
1-2: Ball
2-2: Ball
3-2: Base on Balls
Uolevi Jokela to third
Andy Cartegena to second
Batting: RHB Jim Unknown 0-0: Swinging Strike
0-1: Foul Ball, location: 5FF
0-2: Fly out, F9 (Flyball, 9, EV 88.8 MPH)
Runner from 3rd tags up, OUT at HOME! 9-2
Top of the 4th over - 1 run, 1 hit, 0 errors, 2 left on base; DSL Philadelphia 1 - DSL Chicago (A) 1
BOTTOM OF THE 4TH
DSL Chicago (A) White Sox batting - Pitching for DSL Philadelphia Phillies : RHP Tomás Rivera
Batting: RHB Enrico Martínez 0-0: Called Strike
0-1: Ball
1-1: Ball
2-1: Ball
3-1: Foul Ball, location: 5FF
3-2: Strikes out swinging
Batting: RHB Alain Verdier 0-0: Ball
1-0: Called Strike
1-1: DOUBLE (Flyball, 89D, EV 110.0 MPH)
Batting: RHB José Gutiérrez 0-0: Called Strike
0-1: Fly out, F8 (Flyball, 89M, EV 85.0 MPH)
Batting: LHB Jesús Meza 0-0: Ball
1-0: Ball
2-0: Ball
3-0: Called Strike
3-1: DOUBLE (Line Drive, 7LS, EV 89.4 MPH)
Alain Verdier scores
Batting: RHB Artie Russell 0-0: Ball
Wild Pitch!
Jesús Meza to third
1-0: Called Strike
1-1: Swinging Strike
1-2: Strikes out looking
Bottom of the 4th over - 1 run, 2 hits, 0 errors, 1 left on base; DSL Philadelphia 1 - DSL Chicago (A) 2
TOP OF THE 5TH
DSL Philadelphia Phillies batting - Pitching for DSL Chicago (A) White Sox : LHP Pete Woods
Batting: RHB Jonathan Taylor 0-0: SINGLE (Groundball, 6MD, EV 107.5 MPH)
Batting: LHB Jorge Elías 0-0: Bunted foul
0-1: Ball
Jonathan Taylor is caught stealing 2nd base 2-6
1-1: DOUBLE (Line Drive, 7LD, EV 105.0 MPH)
Batting: RHB Juan Alifonso 0-0: Ball
1-0: Ball
2-0: Ball
3-0: Called Strike
3-1: Called Strike
3-2: Base on Balls
Batting: RHB Ron Parsons 0-0: Called Strike
0-1: Ball
1-1: Called Strike
1-2: Strikes out swinging
Batting: LHB Uolevi Jokela 0-0: Called Strike
0-1: Ball
1-1: Foul Ball, location: 2F
1-2: Foul Ball, location: 5SF
1-2: Foul Ball, location: 5DF
1-2: Strikes out swinging
Top of the 5th over - 0 runs, 2 hits, 0 errors, 2 left on base; DSL Philadelphia 1 - DSL Chicago (A) 2
BOTTOM OF THE 5TH
DSL Chicago (A) White Sox batting - Pitching for DSL Philadelphia Phillies : RHP Tomás Rivera
Batting: RHB Gino Tadini 0-0: Ground out 5-3 (Groundball, 56S, EV 69.4 MPH)
Batting: SHB Don Pierce 0-0: Ball
1-0: Foul Ball, location: 7LMF
1-1: Called Strike
1-2: Strikes out swinging
Batting: RHB Greg Gill 0-0: DOUBLE (Line Drive, 89D, EV 98.1 MPH)
Batting: LHB José Morán 0-0: Ball
1-0: Ball
2-0: Called Strike
2-1: Ball
3-1: Base on Balls
Batting: RHB Enrico Martínez 0-0: Ball
1-0: Foul Ball, location: 9LMF
1-1: Foul Ball, location: 2F
1-2: SINGLE (Line Drive, 9S, EV 93.1 MPH)
Greg Gill to third
José Morán to second
Runner from 3rd tries for Home, SAFE, throw by RF to home
José Morán to third
Enrico Martínez to second
Batting: RHB Alain Verdier 0-0: Ball
1-0: Ball
2-0: Called Strike
2-1: Foul Ball, location: 9LSF
2-2: Ball
3-2: Ground out 5-3 (Groundball, 56S, EV 65.0 MPH)
Bottom of the 5th over - 1 run, 2 hits, 0 errors, 2 left on base; DSL Philadelphia 1 - DSL Chicago (A) 3
TOP OF THE 6TH
DSL Philadelphia Phillies batting - Pitching for DSL Chicago (A) White Sox : LHP Pete Woods
Batting: RHB Andy Cartegena 0-0: Ball
1-0: Swinging Strike
1-1: Foul Ball, location: 3F
1-2: DOUBLE (Line Drive, 7LS, EV 98.8 MPH)
Batting: RHB Ljuba Jevtic 0-0: Foul Ball, location: 3FF
0-1: Ball
1-1: Ball
2-1: Foul Ball, location: 2F
2-2: Strikes out looking
Batting: LHB Jeff King 0-0: Ball
1-0: Swinging Strike
1-1: Foul Ball, location: 2F
1-2: Ball
2-2: Foul Ball, location: 2F
2-2: Ball
3-2: Strikes out swinging
Pitching: RHP Alfredo Castillo
Batting: RHB Jim Unknown 0-0: Ground out 5-3 (Groundball, 56S, EV 90.0 MPH)
Top of the 6th over - 0 runs, 1 hit, 0 errors, 1 left on base; DSL Philadelphia 1 - DSL Chicago (A) 3
BOTTOM OF THE 6TH
DSL Chicago (A) White Sox batting - Pitching for DSL Philadelphia Phillies : RHP Tomás Rivera
Batting: RHB José Gutiérrez 0-0: Ball
1-0: SOLO HOME RUN (Flyball, 78XD, EV 107.5 MPH), Distance : 436 ft
Pitching: LHP Ric Lubiani
Batting: LHB Jesús Meza 0-0: Ball
1-0: Ball
2-0: Called Strike
2-1: Called Strike
2-2: Strikes out swinging
Batting: RHB Artie Russell 0-0: Hit by Pitch
Batting: RHB Gino Tadini 0-0: Called Strike
0-1: Ball
1-1: SINGLE (Groundball, 6MS, EV 63.1 MPH) (infield hit)
Artie Russell to second
Batting: SHB Don Pierce 0-0: Foul Ball, location: 9LMF
0-1: Fly out, F7 (Flyball, 7, EV 90.6 MPH)
Batting: RHB Greg Gill 0-0: Swinging Strike
0-1: Ball
1-1: Ball
2-1: Swinging Strike
2-2: 3-RUN HOME RUN (Line Drive, 7D, EV 105.0 MPH), Distance : 412 ft
Batting: LHB José Morán 0-0: Ball
1-0: Fly out, F7 (Flyball, 7, EV 88.8 MPH)
Bottom of the 6th over - 4 runs, 3 hits, 0 errors, 0 left on base; DSL Philadelphia 1 - DSL Chicago (A) 7
TOP OF THE 7TH
DSL Philadelphia Phillies batting - Pitching for DSL Chicago (A) White Sox : RHP Alfredo Castillo
Batting: RHB Jonathan Taylor 0-0: Foul Ball, location: 3F
0-1: Ball
1-1: Ball
2-1: Foul Ball, location: 2F
2-2: Strikes out swinging
Batting: LHB Jorge Elías 0-0: Swinging Strike
0-1: Called Strike
0-2: Ball
1-2: Foul Ball, location: 2F
1-2: Foul Ball, location: 5F
1-2: Strikes out swinging
Batting: RHB Juan Alifonso 0-0: Called Strike
0-1: Swinging Strike
0-2: Ball
1-2: Strikes out looking
Top of the 7th over - 0 runs, 0 hits, 0 errors, 0 left on base; DSL Philadelphia 1 - DSL Chicago (A) 7
BOTTOM OF THE 7TH
DSL Chicago (A) White Sox batting - Pitching for DSL Philadelphia Phillies : LHP Ric Lubiani
Batting: RHB Enrico Martínez 0-0: Ball
1-0: Ball
2-0: Ball
3-0: Base on Balls
Batting: RHB Alain Verdier 0-0: Ball
1-0: Ball
2-0: Ball
3-0: Base on Balls
Enrico Martínez to second
Batting: RHB José Gutiérrez 0-0: Ball
1-0: Called Strike
1-1: Called Strike
1-2: Ball
2-2: Ball
3-2: Base on Balls
Enrico Martínez to third
Alain Verdier to second
Pitching: LHP Jorge Flores
Batting: LHB Jesús Meza 0-0: Called Strike
0-1: Ball
1-1: DOUBLE (Groundball, 5L, EV 109.4 MPH)
Enrico Martínez scores
Alain Verdier scores
José Gutiérrez to third
Pinch Hitting: RHB Thom Fields 0-0: Ball
1-0: Ball
2-0: Swinging Strike
2-1: Swinging Strike
2-2: Ball
3-2: Base on Balls
Pinch Hitting: RHB Tony Jones 0-0: Grounds into fielders choice 6-2 (Groundball, 6, EV 81.9 MPH)
Jesús Meza to third
Thom Fields to second
Pinch Hitting: RHB Jim Keith 0-0: Ball
1-0: TRIPLE (Line Drive, 89XD, EV 100.6 MPH)
Jesús Meza scores
Thom Fields scores
Tony Jones scores
Batting: RHB Greg Gill 0-0: Called Strike
0-1: Ball
1-1: Ball
2-1: Called Strike
2-2: Ball
3-2: Base on Balls
Batting: LHB José Morán 0-0: Ball
1-0: Foul Ball, location: 2LF
1-1: Ball
2-1: Ball
3-1: Called Strike
3-2: Base on Balls
Greg Gill to second
Batting: RHB Enrico Martínez 0-0: Foul Ball, location: 2F
0-1: Swinging Strike
0-2: Ball
1-2: Strikes out swinging
Pinch Hitting: LHB Juan Becerra 0-0: Foul Ball, location: 2RF
0-1: Foul Ball, location: 7LSF
0-2: Foul Ball, location: 2F
0-2: Ball
1-2: Ball
2-2: Strikes out swinging
Bottom of the 7th over - 5 runs, 2 hits, 0 errors, 3 left on base; DSL Philadelphia 1 - DSL Chicago (A) 12
TOP OF THE 8TH
DSL Philadelphia Phillies batting - Pitching for DSL Chicago (A) White Sox : RHP Alfredo Castillo
Now at 3B: Thom Fields
Now at SS: Jim Keith
Now in LF: Tony Jones
Now in RF: Freddy González
Batting: RHB Ron Parsons 0-0: Ball
1-0: Ball
2-0: Called Strike
2-1: Foul Ball, location: 5FF
2-2: Ball
3-2: Base on Balls
Pinch Hitting: RHB Jim Unknown 0-0: Called Strike
0-1: Foul Ball, location: 9LDF
0-2: Foul Ball, location: 3F
0-2: Ball
1-2: Strikes out swinging
Pinch Hitting: RHB Jim Unknown 0-0: Ball
1-0: Foul Ball, location: 2F
1-1: Foul Ball, location: 9LSF
1-2: Ball
2-2: Foul Ball, location: 2F
2-2: Strikes out swinging
Batting: RHB Ljuba Jevtic 0-0: Ball
1-0: Swinging Strike
1-1: Foul Ball, location: 2F
1-2: Ball
2-2: Strikes out swinging
Top of the 8th over - 0 runs, 0 hits, 0 errors, 1 left on base; DSL Philadelphia 1 - DSL Chicago (A) 12
BOTTOM OF THE 8TH
DSL Chicago (A) White Sox batting - Pitching for DSL Philadelphia Phillies : LHP Jorge Flores
Now at 1B: Jim Unknown
Now at SS: Jim Unknown
Batting: RHB José Gutiérrez 0-0: Ball
1-0: Swinging Strike
1-1: Foul Ball, location: 23FF
1-2: Strikes out swinging
Batting: LHB Jesús Meza 0-0: Ball
1-0: SOLO HOME RUN (Flyball, 78XD, EV 113.1 MPH), Distance : 438 ft
Batting: RHB Thom Fields 0-0: Ground out 6-3 (Groundball, 6, EV 86.9 MPH)
Batting: RHB Tony Jones 0-0: Fly out, F4 (Line Drive, 4M, EV 72.5 MPH)
Bottom of the 8th over - 1 run, 1 hit, 0 errors, 0 left on base; DSL Philadelphia 1 - DSL Chicago (A) 13
TOP OF THE 9TH
DSL Philadelphia Phillies batting - Pitching for DSL Chicago (A) White Sox : RHP Alfredo Castillo
Pinch Hitting: RHB Jim Unknown 0-0: Ball
1-0: Ball
2-0: Ball
3-0: Called Strike
3-1: Fly out, F4 (Popup, 4, EV 61.9 MPH)
Batting: RHB Jim Unknown 0-0: Foul Ball, location: 5DF
0-1: Ball
1-1: Called Strike
1-2: Ball
2-2: Strikes out looking
Batting: RHB Jonathan Taylor 0-0: Called Strike
0-1: Ball
1-1: Ball
2-1: DOUBLE (Groundball, 3L, EV 98.1 MPH)
Batting: LHB Jorge Elías 0-0: Foul Ball, location: 7LMF
0-1: Swinging Strike
0-2: Strikes out looking
Top of the 9th over - 0 runs, 1 hit, 0 errors, 1 left on base; DSL Philadelphia 1 - DSL Chicago (A) 13
Friday, May 3rd , 2024 - OOTP Baseball 24.10 Build 82